Map: [ESL] Site Delta

Players

ArT

  • Race: Protoss Protoss
  • Spawn Location: 5:00

ShoWTimE - Winner!

  • Race: Protoss Protoss
  • Spawn Location: 11:00

Event: ESL SC2 Masters 2023 Winter (Regional)

VOD

Have the link to the VOD?

Description

Time

  • Played on: Oct. 27, 2023, 10:37 a.m.
  • Length: 11:11

All games in this series

Show
View Real Time Build Order
Export as new Build Order

ArT Protoss 

Build Orders: Oracle Opening, Blink Stalkers 

Get SALT Encoding   

  12  0:00  Probe  
  13  0:12  Probe  
  14  0:19  Pylon  
  14  0:24  Probe  
  15  0:37  Probe (Chrono Boost)  
  15  0:39  Gateway  
  16  0:46  Probe (Chrono Boost)  
  16  0:47  Assimilator  
  17  0:51  Probe (Chrono Boost)  
  17  0:55  Assimilator  
  18  1:04  Probe (Chrono Boost)  
  19  1:08  Gateway  
  19  1:14  Probe (Chrono Boost)  
  20  1:19  Probe (Chrono Boost)  
  21  1:28  Cybernetics Core  
  21  1:30  Probe  
  22  1:40  Pylon  
  22  1:42  Probe  
  23  2:04  Stargate  
  23  2:05  Stalker, Adept  
  27  2:13  Warp Gate  
  27  2:15  Probe  
  28  2:19  Pylon  
  28  2:33  Probe  
  29  2:45  Probe  
  29  2:46  Oracle (Chrono Boost)  
  33  3:03  Nexus  
  33  3:05  Probe  
  34  3:19  Twilight Council, Probe  
  35  3:29  Pylon  
  35  3:31  Probe  
  36  3:43  Probe  
  37  3:49  Gateway, Blink (Chrono Boost)  
  37  3:55  Probe  
  38  4:01  Stalker x2  
  42  4:08  Probe  
  38  4:19  Probe  
  38  4:20  Probe  
  40  4:27  Stalker  
  40  4:28  Stalker  
  42  4:31  Probe  
  42  4:33  Probe  
  44  4:43  Probe  
  44  4:45  Probe  
  46  4:46  Stalker  
  46  4:52  Stalker  
  50  4:53  Stalker  
  50  4:55  Probe  
  50  4:57  Probe  
  54  5:00  Pylon  
  54  5:04  Pylon  
  54  5:10  Probe  
  54  5:18  Probe  
  55  5:23  Assimilator  
  55  5:24  Stalker x3  
  55  5:27  Robotics Facility  
  61  5:28  Probe  
  61  5:31  Probe  
  61  5:35  Pylon  
  63  5:41  Probe  
  58  5:52  Stalker x3  
  60  6:02  Probe (Chrono Boost)  
  59  6:05  Nexus  
  59  6:07  Probe (Chrono Boost)  
  58  6:13  Forge  
  58  6:14  Observer  
  61  6:19  Probe (Chrono Boost)  
  61  6:20  Probe (Chrono Boost)  
  61  6:21  Stalker x2  
  61  6:23  Stalker  
  68  6:27  Probe (Chrono Boost)  
  68  6:29  Probe (Chrono Boost)  
  69  6:36  Shield Battery, Probe x2 (Chrono Boost)  
  71  6:41  Pylon  
  71  6:47  Protoss Ground Weapons Level 1 (Chrono Boost)  
  71  6:55  Pylon  
  71  6:59  Charge, Probe x2  
  73  7:04  Stalker x2  
  73  7:07  Stalker  
  77  7:13  Pylon  
  76  7:18  Probe  
  76  7:19  Probe  
  77  7:23  Probe  
  78  7:31  Probe (Chrono Boost)  
  78  7:32  Stalker x3  
  78  7:33  Shield Battery  
  78  7:35  Probe (Chrono Boost)  
  87  7:38  Probe (Chrono Boost)  
  87  7:42  Gateway  
  87  7:43  Gateway, Probe (Chrono Boost)  
  88  7:45  Gateway  
  88  7:47  Gateway  
  88  7:48  Probe (Chrono Boost)  
  89  7:59  Immortal (Chrono Boost), Probe  
  94  8:06  Dark Shrine  
  94  8:10  Assimilator  
  94  8:13  Nexus  
  94  8:14  Pylon  
  94  8:21  Zealot x3  
  94  8:25  Gateway  
  100  8:29  Pylon  
  100  8:32  Pylon  
  100  8:33  Probe  
  100  8:34  Probe  
  102  8:41  Protoss Ground Weapons Level 2 (Chrono Boost)  
  102  8:47  Probe x2  
  102  8:48  Shield Battery  
  104  8:50  Assimilator, Probe  
  105  8:58  Pylon  
  105  9:02  Probe  
  106  9:03  Zealot x4  
  106  9:04  Zealot x2  
  106  9:09  Probe  
  119  9:14  Observer  
  119  9:16  Shadow Stride (Chrono Boost)  
  120  9:18  Probe  
  121  9:24  Photon Cannon  
  121  9:29  Probe x2  
  121  9:30  Probe  
  124  9:32  Pylon  
  124  9:33  Photon Cannon  
  124  9:35  Pylon  
  124  9:45  Probe x2  
  130  9:48  Probe  
  130  9:49  Probe  
  130  9:50  Zealot x6  
  144  9:57  Probe  
  144  9:59  Zealot x2  
  131  10:08  Shield Battery  
  131  10:11  Zealot x2  
  131  10:12  Zealot x3  
  131  10:15  Dark Templar  
  121  10:22  Dark Templar x2  
  121  10:27  Probe (Chrono Boost)  
  122  10:35  Stalker x4  
Show
View Real Time Build Order
Export as new Build Order

ShoWTimE Protoss - Winner!

Build Orders: 1 Gate Expand, Phoenix Opening 

Get SALT Encoding   

  12  0:00  Probe  
  13  0:12  Probe  
  14  0:17  Pylon  
  14  0:24  Probe (Chrono Boost)  
  15  0:36  Probe (Chrono Boost)  
  15  0:37  Gateway  
  16  0:45  Probe (Chrono Boost)  
  16  0:46  Assimilator  
  17  0:51  Probe  
  18  1:03  Probe  
  19  1:15  Probe  
  20  1:23  Nexus  
  20  1:34  Cybernetics Core  
  20  1:36  Probe  
  21  1:42  Assimilator  
  21  1:48  Probe  
  21  1:52  Pylon  
  22  2:01  Probe  
  23  2:07  Adept (Chrono Boost)  
  23  2:13  Probe  
  26  2:17  Stargate  
  26  2:24  Warp Gate  
  26  2:25  Probe  
  27  2:30  Stalker  
  29  2:39  Shield Battery, Probe  
  29  2:43  Probe  
  31  2:57  Shield Battery  
  31  3:00  Phoenix (Chrono Boost)  
  31  3:03  Probe  
  31  3:04  Probe  
  35  3:12  Shield Battery  
  35  3:16  Phoenix (Chrono Boost)  
  37  3:21  Probe  
  37  3:23  Probe  
  37  3:31  Twilight Council  
  37  3:33  Probe  
  38  3:35  Probe  
  39  3:45  Probe  
  39  3:46  Phoenix  
  39  3:47  Probe  
  43  3:51  Pylon  
  43  3:57  Probe  
  43  3:59  Probe  
  45  4:06  Gateway  
  45  4:09  Probe  
  46  4:11  Probe  
  46  4:15  Blink (Chrono Boost)  
  47  4:21  Probe  
  47  4:23  Probe  
  49  4:28  Gateway  
  49  4:33  Probe  
  49  4:35  Probe  
  49  4:36  Pylon  
  51  4:39  Stalker  
  51  4:40  Assimilator  
  53  4:47  Gateway, Probe  
  54  4:54  Probe  
  55  5:01  Stalker  
  55  5:02  Stalker  
  59  5:07  Probe  
  59  5:08  Robotics Facility, Probe  
  61  5:15  Pylon  
  61  5:20  Nexus  
  61  5:28  Pylon  
  61  5:34  Stalker x3  
  67  5:41  Shield Battery  
  63  5:50  Stalker  
  59  5:57  Stalker x3  
  59  5:58  Shield Battery  
  63  6:05  Probe x2  
  63  6:06  Observer  
  66  6:14  Forge  
  66  6:16  Stalker  
  66  6:17  Probe x2  
  70  6:21  Stalker x2  
  70  6:25  Stalker  
  76  6:29  Probe x2 (Chrono Boost)  
  76  6:32  Assimilator, Probe (Chrono Boost)  
  81  6:40  Probe (Chrono Boost)  
  81  6:41  Probe (Chrono Boost)  
  81  6:42  Probe (Chrono Boost)  
  81  6:45  Probe x2 (Chrono Boost)  
  84  6:47  Probe (Chrono Boost), Protoss Ground Weapons Level 1 (Chrono Boost), Pylon  
  84  6:48  Stalker  
  88  6:54  Observer  
  88  6:55  Probe x2  
  88  6:59  Probe  
  91  7:07  Probe x2  
  93  7:08  Stalker  
  93  7:09  Stalker x2  
  93  7:11  Probe  
  100  7:19  Probe  
  101  7:24  Gateway  
  101  7:25  Charge (Chrono Boost)  
  101  7:27  Gateway  
  101  7:29  Gateway  
  101  7:32  Gateway  
  101  7:34  Pylon  
  101  7:35  Pylon  
  101  7:43  Pylon  
  101  7:48  Nexus  
  101  7:50  Immortal (Chrono Boost)  
  101  7:52  Probe  
  101  7:55  Zealot x3, Stalker  
  114  8:04  Shield Battery  
  113  8:07  Pylon  
  113  8:10  Photon Cannon x2  
  113  8:21  Zealot x4, Stalker x2  
  113  8:23  Immortal (Chrono Boost)  
  113  8:26  Protoss Ground Weapons Level 2 (Chrono Boost)  
  129  8:32  Pylon  
  129  8:36  Photon Cannon  
  129  8:44  Templar Archives  
  129  8:46  Zealot x2  
  133  8:52  Zealot x3, Pylon  
  133  8:55  Zealot  
  141  8:59  Warp Prism (Chrono Boost)  
  143  9:04  Probe x2  
  143  9:09  Sentry  
  147  9:13  Zealot x3  
  147  9:17  Gateway  
  153  9:19  Gateway  
  153  9:22  Pylon  
  153  9:27  High Templar x4  
  153  9:30  Pylon  
  153  9:31  Archon x2  
  161  9:34  Pylon  
  161  9:35  Zealot  
  163  9:41  Pylon  
  163  9:42  Pylon  
  163  9:45  Zealot x3  
  169  9:53  Gateway  
  169  9:58  Gateway  
  169  10:05  High Templar x2  
  169  10:06  Zealot x6  
  181  10:10  Archon  
  181  10:13  Zealot x2  
  175  10:27  Observer (Chrono Boost)  
  160  10:30  Zealot x6  
  164  10:39  Zealot x4  
  164  10:41  Photon Cannon  
Tags
 
Add a new tag
Caveats
  • Supply blocks, unpowered buildings, or Contaminate may cause inaccurate times.
  • Supply counts are checked every 10 seconds.